 Dungeon Crawl Stone Soup version 0.29.1-12-g30fa7ad0bf (webtiles) character file.

Game seed: 150642904446430977

41 MrSixtyFour the Magician (level 3, -1/24 HPs)
             Began as a Demonspawn Hedge Wizard on Dec 16, 2022.
             Succumbed to an adder's poison
             ... on level 2 of the Dungeon.
             The game lasted 00:09:31 (1705 turns).

MrSixtyFour the Magician (Demonspawn Hedge Wizard)  Turns: 1705, Time: 00:09:32

Health: -1/24      AC:  2    Str: 10    XL:     3   Next: 32%
Magic:  1/7        EV: 12    Int: 17    God:
Gold:   162        SH:  0    Dex: 12    Spells: 7/8 levels left

rFire   . . .      SeeInvis .   i - +0 short sword (elec)
rCold   . . .      Faith    .   (no shield)
rNeg    . . .      Spirit   .   b - +0 robe
rPois   .          Reflect  .   c - +0 hat
rElec   .          Harm     .   (no cloak)
rCorr   .          Rampage  .   (no gloves)
Will    .....                   (no boots)
Stlth   ++........              (no amulet)
HPRegen 0.08/turn               (no ring)
MPRegen 0.10/turn               (no ring)

@: lethally poisoned (-1 -> -12), hasted, very quick
A: antennae 2
a: no special abilities


You were on level 2 of the Dungeon.
You visited 1 branch of the dungeon, and saw 2 of its levels.

You collected 162 gold pieces.

Inventory:

Hand Weapons
 a - a +0 dagger
 i - a +0 short sword of electrocution (weapon)
 n - a +0 spear
Armour
 b - a +0 robe (worn)
 c - a +0 hat (worn)
 k - a +0 leather armour
Jewellery
 o - a ring of magical power
Scrolls
 f - a scroll of teleportation {unknown}
 h - a scroll of fog {unknown}
 p - a scroll of magic mapping {unknown}
 q - a scroll of immolation {unknown}
 r - a scroll of amnesia {unknown}
Potions
 d - a potion of magic
 l - 3 potions of degeneration {unknown}
 m - a potion of berserk rage {unknown}


   Skills:
 + Level 2.4 Dodging
 - Level 1.7 Stealth
 + Level 3.4 Spellcasting
 - Level 1.0 Conjurations
 - Level 1.0 Summonings
 + Level 1.7 Translocations


You had 7 spell levels left.
You knew the following spells:

 Your Spells              Type           Power      Damage    Failure   Level
a - Magic Dart            Conj           24%        1d4       11%         1

Your spell library contained the following spells:

 Spells                   Type           Power      Damage    Failure   Level
 Blink                    Tloc           18%        N/A       12%         2
 Slow                     Hex            8%         N/A       17%         1
 Call Imp                 Summ           6%         N/A       17%         2
 Conjure Flame            Conj/Fire      4%         6-21      38%         3
 Mephitic Cloud           Conj/Pois/Air  4%         N/A       41%         3


Dungeon Overview and Level Annotations

Branches:
Dungeon (2/15)

Altars:


Innate Abilities, Weirdness & Mutations

You have a pair of antennae on your head.


Message History

The adder poisons you! The adder closely misses you.
Aiming: Magic Dart (safe; 11% risk of failure)
Press: ? - help, Q - select action Shift-Dir - straight line, f/p - adder
Aim: an adder (moderately wounded, 100% to hit)
The magic dart hits the adder.
The adder is moderately wounded.
You feel sick. The adder bites you but does no damage.
You feel better. The adder barely misses you.
You hit the adder but do no damage.
The adder is moderately wounded.
The adder barely misses you. The adder bites you.
You hit the adder but do no damage.
The adder is moderately wounded.
The adder misses you.
You barely miss the adder.
The adder is moderately wounded.
The adder bites you.
You barely miss the adder.
The adder is moderately wounded.
The adder closely misses you. The adder bites you.
You hit the adder.
The adder is heavily wounded.
The adder bites you.
You closely miss the adder.
The adder is heavily wounded.
The adder bites you. x2
* * * LOW HITPOINT WARNING * * *
You are poisoned.
The adder poisons you!
As you read the scroll labelled GOCWOW QOW KUF, it crumbles to dust.
It is a scroll of brand weapon.
Your +0 short sword crackles with electricity.
i - a +0 short sword of electrocution (weapon)
* * * LOW HITPOINT WARNING * * *
You feel sick. The adder bites you.
* * * LOW HITPOINT WARNING * * *
You are more poisoned.
The adder poisons you!
It was a potion of haste.
You feel yourself speed up.
You die...

######## #......########
#.####.#......##
#.##....).#....####
#####.##.#.#..#........
#..........#..#....####
#.###)##.....oS@..##
#.###.##..##..###.#
#.##..##.)##..# #.#
#.##.###......###.##
#†##.# ##.##.......##
#.##.####.#####.....##
#...).....# ##.......##
####.#...####.........#
.So....................+


You could see an adder and an orc.

Vanquished Creatures
  An adder (D:2)
  2 orcs (D:2)
  4 ball pythons
  3 bats (D:1)
  5 endoplasms
  A giant cockroach (D:2)
  2 goblins (D:1)
  2 hobgoblins (D:1)
  2 quokkas (D:1)
  5 rats
27 creatures vanquished.

Notes
Turn   | Place    | Note
-------+----------+-------------------------------------------
     0 | D:1      | MrSixtyFour the Demonspawn Hedge Wizard began the quest for
                  | the Orb.
     0 | D:1      | Reached XP level 1. HP: 13/13 MP: 4/4
    63 | D:1      | Reached skill level 1 in Translocations
   389 | D:1      | Gained mutation: You have a pair of small antennae on your
                  | head. [demonic ancestry]
   389 | D:1      | Reached XP level 2. HP: 19/19 MP: 0/6
  1343 | D:2      | Gained mutation: You have a pair of antennae on your head.
                  | [demonic ancestry]
  1343 | D:2      | Reached XP level 3. HP: 6/24 MP: 2/7
  1704 | D:2      | HP: 1/24 [adder (4)]
  1705 | D:2      | Succumbed to an adder's poison

Illustrated notes

Levels and vault maps discovered:
D:1:      dpeg_arrival_erosion, layout_basic, ebering_dispersal_statue_hall
D:2:      layout_loops_corners, ebering_ecumenical_altar_mist, minmay_tall_x

Skill      XL: |  1 |
---------------+----+-----
Translocations | 1 |  1.7
Dodging        | 2 |  2.4
Stealth        | |  1.7
Spellcasting   | |  3.4
Conjurations   | |  1.0
Summonings     | |  1.0

Action                   || total
-------------------------++-------
Melee: Short sword       ||    39
       Dagger            ||     5
       Punch             ||     1
 Cast: Magic Dart        ||    54
  Use: Potion            ||     3
       Scroll            ||     1
Armor: Robe              ||    11
Dodge: Dodged            ||    35
